 Dungeon Crawl Stone Soup version 0.20-a0-1109-ge3cd172 (console) character file.

313 pagos the Skirmisher (level 6, -16/56 HPs)
             Began as a Minotaur Fighter on May 5, 2017.
             Demolished by an ogre
             ... wielding a +0 giant spiked club
              (27 damage)
             ... on level 5 of the Dungeon.
             The game lasted 00:05:48 (2905 turns).

pagos the Skirmisher (Minotaur Fighter)             Turns: 2905, Time: 00:05:49

Health: -16/56     AC: 11    Str: 22    XL:     6   Next: 19%
Magic:  5/5        EV:  6    Int:  9    God:
Gold:   223        SH: 10    Dex: 10    Spells: 5/5 levels left

rFire    . . .     SeeInvis .   a - +0 flail
rCold    . . .     Gourm    .   c - +0 shield
rNeg     . . .     Faith    .   t - +0 chain mail
rPois    .         Spirit   .   (helmet restricted)
rElec    .         Reflect  .   (no cloak)
rCorr    .         Harm     .   (no gloves)
MR       .....                  p - +0 pair of boots
Stlth    ..........             (no amulet)
Regen    0.2/turn               y - +4 ring of intelligence
MPRegen  0.1/turn               (no ring)

@: no status effects
A: retaliatory headbutt, horns 2
a: no special abilities


You were on level 5 of the Dungeon.
You were not hungry.

You visited 1 branch of the dungeon, and saw 5 of its levels.

You collected 223 gold pieces.

Inventory:

Hand Weapons
 a - a +0 flail (weapon)
Armour
 c - a +0 shield (worn)
 p - a +0 pair of boots (worn)
 t - a +0 chain mail (worn)
 u - a +1 ring mail of fire resistance
Jewellery
 y - a +4 ring of intelligence (left hand)
Wands
 j - a wand of paralysis (18/24)
 r - a wand of confusion (16/48)
Scrolls
 m - 2 scrolls of teleportation
 v - a scroll of remove curse
 w - a scroll of identify {unknown}
 x - a scroll of fear {unknown}
 A - a scroll of enchant armour {unknown}
 B - a scroll of enchant weapon {unknown}
Potions
 d - a potion of might
 e - 2 potions of heal wounds {unknown}
 g - 3 potions of magic {unknown}
 i - a potion of degeneration {unknown}
 k - a potion of invisibility {unknown}
 l - 2 potions of curing {unknown}
 n - 2 potions of lignification {unknown}
 o - a potion of flight {unknown}
 q - 2 potions of resistance {unknown}
 s - a potion of berserk rage {unknown}
Comestibles
 b - a meat ration
 f - 4 bread rations
 h - 2 royal jellies
 z - a chunk of flesh


   Skills:
 + Level 5.1 Fighting
 * Level 4.6 Maces & Flails
 + Level 5.0 Armour
 + Level 1.9 Dodging
 + Level 4.7 Shields


You had 5 spell levels left.
You didn't know any spells.

Dungeon Overview and Level Annotations

Branches:
Dungeon (5/15)
 Temple: D:4-7

Altars:
Makhleb
Uskayaw
Yredelemnul


Innate Abilities, Weirdness & Mutations

You reflexively headbutt those who attack you in melee.
You have a pair of horns on your head.


Message History

You are no longer poisoned.
You start resting.
HP restored.
Found a scroll labeled NOILIU NOP ECAONT.
y - a runed coral ring
There are no items here.
You feel clever.
y - a +4 ring of intelligence (left hand)
A - a scroll labeled NOILIU NOP ECAONT
B - a scroll labeled JOTIACZOLILE An ogre comes into view.
It is wielding a giant spiked club.
The ogre shouts!
The ogre hits you with a giant spiked club!!
You hit the ogre but do no damage.
The ogre hits you with a giant spiked club!!
* * * LOW HITPOINT WARNING * * *
You sock the ogre!
The ogre is heavily wounded.
The ogre hits you with a giant spiked club!!
You die...

#########
###..#.#..###
##...........
#............
####.........#
.............#
#..O@....#
######...#
#..## ##.#
##.##
###...#######
#...........##
#............#
#............#


You could see an ogre.

Vanquished Creatures
  The ghost of Foxy the Slasher, an amateur DrSk of Yredelemnul (D:3)
  A scorpion (D:5)
  A worker ant (D:4)
  8 adders
  A shadow imp (D:4)
  A worm (D:4)
  2 dart slugs
  4 leopard geckos
  5 orcs
  9 bats
  4 giant cockroaches
  2 gnoll zombies (D:3)
  6 goblins
  4 hobgoblins
  6 kobolds
  2 frilled lizards
  8 rats
65 creatures vanquished.

Notes
Turn   | Place    | Note
-------+----------+-------------------------------------------
     0 | D:1      | pagos the Minotaur Fighter began the quest for the Orb.
     0 | D:1      | Reached XP level 1. HP: 19/19 MP: 0/0
   202 | D:1      | Reached XP level 2. HP: 26/27 MP: 1/1
   430 | D:1      | Reached XP level 3. HP: 32/33 MP: 2/2
  1440 | D:2      | Found a faded altar of an unknown god.
  1571 | D:3      | Reached XP level 4. HP: 39/40 MP: 3/3
  1592 | D:3      | Noticed Foxy's ghost (amateur DrSk)
  1605 | D:3      | Killed Foxy's ghost
  1605 | D:3      | Reached skill level 1 in Dodging
  1605 | D:3      | Reached XP level 5. HP: 43/47 MP: 4/4
  2081 | D:3      | Found a basalt altar of Yredelemnul.
  2541 | D:4      | Reached skill level 5 in Fighting
  2675 | D:4      | Found a hide-covered altar of Uskayaw.
  2697 | D:4      | Found a burning altar of Makhleb.
  2774 | D:5      | Entered Level 5 of the Dungeon
  2793 | D:5      | Reached skill level 5 in Armour
  2793 | D:5      | Reached XP level 6. HP: 45/56 MP: 5/5
  2905 | D:5      | Demolished by an ogre

Vault maps used:
D:1:      grunt_arrival_lava_bath, columned_hall_lemuel, due_unseen_surprise
D:2:      first_bread, chequers_ecumenical_altar_twisty
D:3:      lemuel_zombie_altar_yredelemnul
D:4:      minitemple
D:5:      grunt_qazlal_sundering, uniq_eustachio

Skill      XL: |  1  2  3  4  5 |
---------------+----------------+-----
Maces & Flails | 3 4 |  4.6
Armour         | 4 5 |  5.0
Shields        | 4 |  4.7
Fighting       | 4 5 |  5.1
Dodging        | 1 |  1.9

Action                   |  1- 3 |  4- 6 || total
-------------------------+-------+-------++-------
Melee: Flail             |    81 |    71 ||   152
       Headbutt          |     9 |    18 ||    27
  Use: Scroll            |     1 |     5 ||     6
  Eat: Chunk             |     1 |     5 ||     6
Armor: Scale mail        |    21 |       ||    21
       Chain mail        |    18 |    28 ||    46
Dodge: Dodged            |    16 |    17 ||    33
Block: Shield            |    39 |    23 ||    62
